Construct Infanterie Kompanie
Selects Luftwaffe Battlegroup
Construct Panzergrenadier Kompanie
Selects Reconnaissance Run
Pak 40 Anti-tank Gun Team
Panzergrenadier Officer Quarters
Selects Fallschirmjäger Squad Paradrop
Fallschirmjäger Squad Paradrop
Construct Panzer Kompanie
Fallschirmjäger Squad Paradrop
Pak 40 Anti-tank Gun Team
Selects Luftwaffe Pioneer Support
Selects Flak 38 Anti-Air Emplacement
Selects Infantry Reserves